 Dungeon Crawl Stone Soup version 0.27-a0-1139-g28e009f8a6 (webtiles) character file.

Game seed: 10243796762691617354

2382 bilbop the Magician (level 9, -7/63 HPs)
             Began as a Djinni Ice Elementalist on May 8, 2021.
             Was a Follower of Yredelemnul.
             Mangled by an orc warrior
             ... wielding a +0 mace
              (14 damage)
             ... on level 8 of the Dungeon.
             The game lasted 00:45:12 (8158 turns).

bilbop the Magician (Djinni Ice Elementalist)       Turns: 8158, Time: 00:45:13

Health: -7/63      AC:  9    Str:  7    XL:     9   Next: 45%
Gold:   0          EV: 11    Int: 19    God:    Yredelemnul [*.....] SH: 12 Dex: 15

rFire    + + .     SeeInvis .   m - +2 spear (venom)
rCold    . . .     Faith    .   n - +2 buckler
rNeg     + . .     Spirit   .   v - +1 leather armour of the Stars {rF+ rN+ Will+}
rPois    ∞         Reflect  +   (no helmet)
rElec    .         Harm     .   t - +0 cloak
rCorr    .         Rampage  .   (no gloves)
Will     +....                  (boots unavailable)
Stlth    +++.......             E - amulet of reflection
HPRegen  0.20/turn              g - +4 ring of protection
MPRegen  0.00/turn              G - ring of ice

@: flying
A: sickness immunity, fire resistance 2, cold vulnerability 1, float, innate
caster, hp casting, extra vitality 1
a: Renounce Religion, Animate Remains


You were on level 8 of the Dungeon.
You worshipped Yredelemnul.
Yredelemnul was aware of your devotion.
You visited 2 branches of the dungeon, and saw 9 of its levels.

You collected 147 gold pieces.
You spent 147 gold pieces at shops.

Inventory:

Hand Weapons
 m - a +2 spear of venom (weapon)
Armour
 n - a +2 buckler (worn)
 t - a +0 cloak (worn)
 v - the +1 leather armour of the Stars (worn) {rF+ rN+ Will+}
   (You bought it in a shop on level 2 of the Dungeon)

   It protects you from fire.
   It protects you from negative energy.
   It increases your willpower.
Jewellery
 g - a +4 ring of protection (left hand)
 E - an amulet of reflection (around neck)
 G - a ring of ice (right hand)
Wands
 r - a wand of iceblast (7)
 s - a wand of charming (5)
 u - a wand of digging (1)
 B - a wand of polymorph (19)
 C - a wand of mindburst (3)
Scrolls
 d - 5 scrolls of teleportation
 k - 2 scrolls of magic mapping
 l - a scroll of brand weapon {unknown}
 p - a scroll of immolation {unknown}
 q - 3 scrolls of fear
 y - a scroll of blinking {unknown}
Potions
 e - a potion of attraction {unknown}
 h - 2 potions of ambrosia {unknown}
 w - 2 potions of might
 x - 2 potions of haste {unknown}
 A - 2 potions of brilliance
 F - a potion of mutation {unknown}


   Skills:
 + Level 4.6 Fighting
 - Level 0.6 Short Blades
 + Level 3.8 Polearms
 - Level 2.1 Dodging
 + Level 4.8 Stealth
 - Level 4.0 Shields
 * Level 7.0 Spellcasting
 + Level 2.9 Invocations


You couldn't memorise any spells.
You knew the following spells:

 Your Spells              Type           Power      Damage    Failure   Level
a - Freeze                Ice            100%       1d11      1%          1
b - Frozen Ramparts       Ice            98%        1d11      2%          3
c - Ozocubu's Armour      Ice            49%        N/A       2%          3
d - Hailstorm             Conj/Ice       49%        3d11      9%          4
e - Metabolic Englaciati  Hex/Ice        24%        N/A       24%         5
f - Pain                  Necr           100%       1d9       1%          1
g - Ensorcelled Hibernat  Hex/Ice        98%        N/A       1%          2
h - Swiftness             Air            33%        N/A       2%          3
i - Conjure Flame         Conj/Fire      33%        6-21      2%          3
Your spell library was empty.

Dungeon Overview and Level Annotations

Branches:
Dungeon (8/15)             Temple (1/1) D:6
   Lair: D:8-11

Altars:
Ashenzari
Cheibriados
Dithmenos
Fedhas
Gozag
Hepliaklqana
Kikubaaqudgha
Makhleb
Nemelex Xobeh
Qazlal
Sif Muna
Trog
Uskayaw
Vehumet
Wu Jian
Xom
Yredelemnul
Zin
The Shining One

Shops:
D:2 :==[   D:5 (   D:8 *[

Annotations:
D:3 2 runed translucent doors, robertstho's ghost, weakling OpTm
D:8 Maurice


Innate Abilities, Weirdness & Mutations

You are immune to sickness and miasma.
You are immune to poison.
Your flesh is very heat resistant. (rF++)
You are vulnerable to cold. (rC-)
You float through the air rather than walking.
You learn spells naturally, not from books.
Your magical power is your life essence.
You have superior vitality. (+4 HP)


Message History

Something tries to affect you, but you resist.
You hit something. Something hits you.
Something steals 245 gold pieces!
You now have 0 gold pieces.
You miss something.
You hear some strange, mumbled words.
No target in view!
You hear a zap.
Something tries to affect you, but you resist.
You hear a zap.
Your mind is blasted!
You are too injured to fight recklessly!
You are too injured to fight recklessly!
You hit something. Something hits you.
* * * LOW HITPOINT WARNING * * *
Something groans, "What are you, a monk?"
You hear some strange, mumbled words.
You hit something but do no damage. Something hits you but does no damage.
You hit something but do no damage. Something hits you.
* * * LOW HITPOINT WARNING * * *
Something groans, "What are you, a monk?"
You hear some strange, mumbled words.
You barely miss something. Something barely misses you.
Casting: Conjure Flame (dangerous; 2% risk of failure)
Confirm with . or Enter, or press ? or * to list all spells.
Casting: Frozen Ramparts (dangerous; 2% risk of failure)
Press: ? - help, Dir - look around, f - activate You feel a surge of power!
The walls around you are covered in ice.
The orc warrior shouts!
* * * LOW HITPOINT WARNING * * *
You hear a shout!
The wall freezes something.
Something hits you.
* * * LOW HITPOINT WARNING * * *
Something groans, "What are you, a monk?"
You hear some strange, mumbled words.
The frozen ramparts melt away as you move.
You hit the orc warrior but do no damage.
The orc warrior hits you with a +0 mace!
You die...
Your body rises from the dead as a mindless zombie.

............###############
....$..............>.......
...########.#Z############.
#.#..# #. #######+.#### #.
##....#......########.
#..#..#.Z#...##....##.
##.....#Z.$...##....##.
#....o@ZZ.....##.......
...####Z#.####.##.......
...§... .##.......
#....#......##.......
#Z#.#..#..#...##.....))
+.##...#......#####..).
#..#####......# ####. ##..#
#'##### ## .. #...#


You could see an orc warrior (ally target), 4 friendly killer bee zombies and a
friendly howler monkey zombie.

Vanquished Creatures
  Sigmund (D:5)
  2 water moccasins (D:7)
  An ice beast (D:6)
  A black bear (D:7)
  An orc warrior (D:7)
  An ogre (D:6)
  A necrophage (D:7)
  3 centaurs
  A phantom (D:5)
  2 bullfrogs (D:6)
  2 scorpions
  5 killer bees (D:8)
  3 howler monkeys
  A bullfrog zombie (D:7)
  A centaur zombie (D:6)
  2 orc priests
  4 hounds
  A centaur skeleton (D:5)
  5 iguanas
  5 orc wizards
  A howler monkey zombie (D:8)
  A howler monkey skeleton (D:6)
  3 adders
  A shadow imp (D:7)
  6 dart slugs
  19 orcs
  4 endoplasms
  4 giant cockroaches
  6 goblins
  4 hobgoblins
  4 jackals (D:4)
  6 kobolds
  3 quokkas
  6 ball pythons
  7 bats
  2 frilled lizards
  A jackal skeleton (D:4)
  2 rats
123 creatures vanquished.

Notes
Turn   | Place    | Note
-------+----------+-------------------------------------------
     0 | D:1      | bilbop the Djinni Ice Elementalist began the quest for the
                  | Orb.
     0 | D:1      | Reached XP level 1. HP: 15/15 MP: 0/0
   255 | D:1      | Reached XP level 2. HP: 11/22 MP: 0/0
   809 | D:1      | Found a faded altar of an unknown god.
  1185 | D:1      | Reached XP level 3. HP: 21/26 MP: 0/0
  1185 | D:1      | Learned a level 1 spell: Pain
  1304 | D:1      | Reached skill level 1 in Fighting
  1558 | D:2      | Found Vikkalukk's Jewellery Shop.
  1682 | D:2      | Found Asigam's Jewellery Emporium.
  1747 | D:2      | Found Cam Muda's Antique Armour Emporium.
  1931 | D:2      | Found Zarithrai's Book Shoppe.
  2148 | D:3      | Reached skill level 4 in Spellcasting
  2654 | D:3      | Reached XP level 4. HP: 27/32 MP: 0/0
  2765 | D:3      | Found a large runed translucent door.
  2766 | D:3      | Found a large runed translucent door.
  2812 | D:3      | Noticed robertstho's ghost (weakling OpTm)
  2966 | D:4      | Found a blossoming altar of Fedhas.
  3006 | D:4      | Noticed a scorpion
  3012 | D:4      | Killed a scorpion
  3013 | D:4      | Reached skill level 1 in Polearms
  3013 | D:4      | Reached XP level 5. HP: 33/38 MP: 0/0
  3013 | D:4      | Learned a level 2 spell: Ensorcelled Hibernation
  3105 | D:4      | Reached skill level 1 in Shields
  3554 | D:4      | Found a hide-covered altar of Uskayaw.
  3554 | D:4      | Found a burning altar of Makhleb.
  3555 | D:4      | Found a sparkling altar of Nemelex Xobeh.
  3604 | D:4      | Found an opulent altar of Gozag.
  3632 | D:4      | Found a glowing silver altar of Zin.
  3672 | D:5      | Entered Level 5 of the Dungeon
  3672 | D:5      | Found Giczud's Antique Weapon Shoppe.
  3697 | D:5      | Reached XP level 6. HP: 41/43 MP: 0/0
  3791 | D:2      | Bought a dazzling leather armour for 147 gold pieces
  3791 | D:2      | Identified the +1 leather armour of the Stars {rF+ rN+
                  | Will+} (You bought it in a shop on level 2 of the Dungeon)
  3985 | D:5      | Noticed Sigmund
  4002 | D:5      | Killed Sigmund
  4003 | D:5      | Reached skill level 5 in Spellcasting
  4003 | D:5      | Reached XP level 7. HP: 8/49 MP: 0/0
  4003 | D:5      | Learned a level 3 spell: Swiftness
  4294 | D:5      | HP: 1/49 [phantom (8)]
  5095 | D:5      | Found an ornate altar of the Wu Jian Council.
  5342 | D:6      | Reached XP level 8. HP: 56/56 MP: 0/0
  5429 | D:6      | Found a broken altar of Ashenzari.
  5525 | D:6      | Found a staircase to the Ecumenical Temple.
  5539 | Temple   | Entered the Ecumenical Temple
  6076 | Temple   | Became a worshipper of Yredelemnul the Dark
  6139 | D:6      | Found a shadowy altar of Dithmenos.
  6375 | D:6      | Reached skill level 6 in Spellcasting
  6375 | D:6      | Reached skill level 1 in Invocations
  7029 | D:7      | Reached XP level 9. HP: 58/62 MP: 0/0
  7029 | D:7      | Learned a level 3 spell: Conjure Flame
  7566 | D:8      | Found Seecuine's General Store.
  7898 | D:8      | Found Raschokh's Armour Emporium.
  8026 | D:8      | Reached * piety under Yredelemnul
  8031 | D:8      | Reached skill level 7 in Spellcasting
  8134 | D:8      | Noticed Maurice
  8158 | D:8      | Mangled by an orc warrior

Illustrated notes

Levels and vault maps discovered:
D:1:      dpeg_arrival_tiny_a, layout_basic, ebering_ecumenical_altar_hall
D:2:      layout_rooms, serial_shops, nicolae_shop_stone, shop_statue, shop,
          nicolae_shop_trees, st_stairs_8, minivault_4
D:3:      kennysheep_big_flooded_room, layout_basic,
          ebering_ghost_disaster_area, serial_park_tiny_1,
          chequers_serial_rivers_micro_c
D:4:      layout_basic, pdpol_temple_overflow_zin_treasury_gozag_greed,
          fedhas_altar_2, grunt_temple_overflow_open
D:5:      layout_cave_pools, pdpol_wu_jian_five_deadly_venoms, serial_shops,
          shop, uniq_sigmund
D:6:      layout_basic, old_standard_altar, old_standard_altar, temple_statues
D:7:      layout_basic
D:8:      layout_basic, serial_shops, shop, nicolae_shop_crystal, shop_statue,
          shop, hangedman_abyss_or_decor_passed, eino_tiny_chamber, uniq_maurice
Temple:   jpeg_temple_island

Skill      XL: |  1  2  3  4  5  6  7  8  9 |
---------------+----------------------------+-----
Fighting       | 1 2 3 4 |  4.6
Stealth        | 2 3 4 |  4.8
Spellcasting   | 4 5 6 7 |  7.0
Polearms       | 1 2 3 |  3.8
Shields        | 1 2 3 4 |  4.0
Invocations    | 2 |  2.9
Short Blades   | |  0.6
Dodging        | |  2.1

Action                   |  1- 3 |  4- 6 |  7- 9 || total
-------------------------+-------+-------+-------++-------
Melee: Spear             |    72 |    96 |   251 ||   419
 Cast: Freeze            |    34 |     4 |    15 ||    53
       Pain              |       |     2 |       ||     2
       Frozen Ramparts   |       |     1 |     7 ||     8
       Hailstorm         |       |       |     1 ||     1
       Conjure Flame     |       |       |     1 ||     1
Invok: Animate Remains   |       |       |     5 ||     5
  Use: Scroll            |       |       |     6 ||     6
 Stab: Sleeping          |     4 |     2 |     7 ||    13
Armor: Robe              |     9 |       |       ||     9
       Leather armour    |    13 |    33 |    67 ||   113
Dodge: Dodged            |    27 |    34 |   113 ||   174
Block: Buckler           |       |       |    47 ||    47

Table legend: (Time is in decaauts)
 A = Elapsed time spent in this place.
 B = Non-inter-level travel time spent in this place.
 C = Inter-level travel time spent in this place.
 D = Time resting spent in this place.
 E = Time spent auto-exploring this place.
 F = Levels seen in this place.
 G = Mean time per level.
                   A        B        C        D        E       F      G
               +--------+--------+--------+--------+--------+-----+--------+
         Total |   8157 |   7661 |    496 |   2243 |   4442 |   9 |  906.3 |
       Dungeon |   7582 |   7167 |    415 |   2243 |   3955 |   8 |  947.8 |
        Temple |    575 |    494 |     81 |      0 |    487 |   1 |  575.0 |
               +--------+--------+--------+--------+--------+-----+--------+

Top non-repeatable levels by time:
     D:1: 1558 daAuts
     D:5: 1336 daAuts
     D:7: 1096 daAuts
     D:6: 889 daAuts
     D:3: 851 daAuts
     D:4: 791 daAuts
     D:2: 617 daAuts
  Temple: 575 daAuts
     D:8: 441 daAuts
